 Dungeon Crawl Stone Soup version 0.30-a0-840-ga523dec638 (webtiles) character file.

Game seed: 10215459907603210253

2797 Newt the Skirmisher (level 10, -5/59 HPs)
             Began as a Kobold Hunter on Mar 1, 2023.
             Was a High Priest of Qazlal.
             Slain by Gastronok (30 damage)
             ... on level 8 of the Dungeon.
             The game lasted 00:08:58 (6530 turns).

Newt the Skirmisher (Kobold Hunter)                 Turns: 6530, Time: 00:08:59

Health: -5/59      AC:  8    Str: 11    XL:     10   Next: 2%
Magic:  16/16      EV: 21    Int: 10    God:    Qazlal [*****.]
Gold:   411        SH:  6    Dex: 23    Spells: 9/9 levels left

rFire   + + .      SeeInvis .    a - +1 shortbow
rCold   . . .      Faith    .    (shield currently unavailable)
rNeg    . . .      Spirit   .    c - +0 leather armour
rPois   +          Reflect  .    (no helmet)
rElec   .          Harm     .    q - +1 cloak of Rudua {Fly Regen+ Str+2}
rCorr   .          Rampage  .    o - +1 pair of gloves
Will    +....                    y - +0 pair of boots
Stlth   ++                       (no amulet)
HPRegen 1.09/turn                v - ring of poison resistance
MPRegen 0.15/turn                n - ring of protection from fire

@: flying, repel missiles
A: small, no large weapons, nightstalker 3, fire resistance 1, strong-willed 1
a: Renounce Religion, Upheaval, Elemental Force, Disaster Area


You were on level 8 of the Dungeon.
You worshipped Qazlal.
Qazlal was extremely pleased with you.
You visited 1 branch of the dungeon, and saw 8 of its levels.
You also visited: Sewer.

You collected 411 gold pieces.

Inventory:

Hand Weapons
 a - a +1 shortbow (weapon)
 d - a +8 flail of protection
 u - a +0 sling
Missiles
 K - a throwing net
Armour
 c - a +0 leather armour (worn)
 o - a +1 pair of gloves (worn)
 q - the +1 cloak of Rudua (worn) {Fly Regen+ Str+2}
   (You found it on level 3 of the Dungeon)

   Str:       It affects your strength (+2).
   Fly:       It grants you flight.
   Regen:     It increases your rate of health regeneration.
 y - a +0 pair of boots (worn)
 E - a +3 ring mail
 H - the +18 Lear's hauberk
   (You found it on level 6 of the Dungeon)
Jewellery
 i - a ring of resist corrosion
 n - a ring of protection from fire (right hand)
 p - a +6 ring of intelligence
 v - a ring of poison resistance (left hand)
 I - an amulet of regeneration
Wands
 F - a wand of light (4)
Scrolls
 b - 2 scrolls of immolation
 r - 2 scrolls of poison
 s - 4 scrolls of teleportation
 w - a scroll of blinking
 C - a scroll of enchant armour
 D - a scroll of silence
 G - a scroll of amnesia {unknown}
Potions
 e - 2 potions of ambrosia
 f - a potion of heal wounds
 g - 3 potions of mutation
 h - 6 potions of curing
 j - a potion of berserk rage
 k - a potion of degeneration
 l - 3 potions of might
 m - 3 potions of attraction {unknown}
 t - a potion of haste
 x - 2 potions of brilliance {unknown}
 z - a potion of resistance {unknown}
 A - 3 potions of invisibility
 B - a potion of magic {unknown}
 J - a potion of cancellation {unknown}


   Skills:
 - Level 5.0 Fighting
 - Level 10.0 Ranged Weapons
 - Level 9.0 Dodging
 - Level 1.3 Stealth
 - Level 8.0 Invocations
 + Level 2.5 Evocations


You had 9 spell levels left.
You didn't know any spells.
Your spell library contained the following spells:

 Spells                   Type           Power      Damage    Failure   Level
 Lesser Beckoning         Tloc           0%         N/A       58%         2
 Gell's Gravitas          Tloc           0%         N/A       83%         3
 Stone Arrow              Conj/Erth      0%         3d7       83%         3
 Teleport Other           Tloc           0%         N/A       83%         3
 Animate Armour           Summ/Erth      0%         N/A       99%         4
 Fireball                 Conj/Fire      0%         3d3       100%        5
 Iskenderun's Battlesphe  Conj           0%         2d6       100%        5
 Conjure Ball Lightning   Conj/Air       0%         3x3d6     100%        6
 Orb of Destruction       Conj           0%         9d5       100%        7
 Lehudib's Crystal Spear  Conj/Erth      0%         10d2      100%        8


Dungeon Overview and Level Annotations

Branches:
Dungeon (8/15)             Temple (0/1) D:5            Lair (0/5) D:8
  Sewer (visited)

Altars:
Cheibriados
Fedhas
Gozag
Makhleb
Nemelex Xobeh
Qazlal
Ru
Sif Muna
Trog
The Shining One

Shops:
D:1 [   D:3 [

Annotations:
D:8 Gastronok


Innate Abilities, Weirdness & Mutations

You are small and have problems with some larger weapons.
You are completely attuned to the shadows.
Your flesh is heat resistant. (rF+)
You are strong-willed. (Will+)


Message History

Gastronok's eyestalks stretch out, then return to normal size.
You shoot an arrow. The arrow hits Gastronok!
Gastronok is lightly wounded.
You shoot an arrow.
The arrow hits Gastronok but does no damage.
Gastronok is lightly wounded.
You shoot an arrow. The arrow hits Gastronok!
Gastronok is moderately wounded.
You shoot an arrow. The arrow hits Gastronok!
Gastronok is moderately wounded.
Gastronok glows a brilliant shade of cerise.
You shoot an arrow. The arrow hits Gastronok!
Gastronok is moderately wounded.
You shoot an arrow. The arrow hits Gastronok.
Gastronok is moderately wounded.
Gastronok sloshes about.
Gastronok bites you but does no damage.
You shoot an arrow. The arrow barely misses Gastronok.
You shoot an arrow. The arrow hits Gastronok.
Gastronok is moderately wounded.
Gastronok bites you!!
You shoot an arrow. The arrow hits Gastronok!
Gastronok is heavily wounded.
You shoot an arrow. The arrow hits Gastronok.
Gastronok is heavily wounded.
Gastronok bites you!
You are too injured to fight recklessly!
You are too injured to fight recklessly!
Aiming: Bolt of Light
Press: ? - help, Shift-Dir - straight line, f/p - Gastronok
Aim: Gastronok, wearing a +2 hat of see invisible (heavily wounded, 100% to hit)
The bolt of light hits Gastronok.
Gastronok is heavily wounded.
Gastronok is blinded.
You shoot an arrow.
The arrow hits Gastronok but does no damage.
Gastronok is heavily wounded.
Gastronok bites you!!
Ouch! That really hurt!
You die...

............ ....
###........ ....
#....... .....
..###.........>..
.....
.................
......
#...............#
.......
.####........).#
.......
##.......☼##
.......
##.....#w@####.
.......
#.....###.....
......# #.....#
##...# .....##
#.....# #.#.
.....# ##....#
#.. .....# ..
.....## .......
....... .......


You could see Gastronok (blind).

Vanquished Creatures
  A troll (D:6)
  Eustachio (D:5)
  Edmund (D:4)
  A water moccasin (D:8)
  A sky beast (D:7)
  An ice beast (D:8)
  2 orc warriors (D:8)
  3 black bears
  A centaur (D:7)
  2 phantoms
  2 kobold brigands
  A bullfrog (D:6)
  2 necrophages (D:6)
  2 scorpions
  3 killer bees (D:8)
  An electric eel (D:8)
  A howler monkey (D:5)
  2 jellies
  A gnoll bouda (D:7)
  A hound (D:5)
  3 orc priests
  An iguana (D:7)
  4 orc wizards
  3 gnolls (D:7)
  8 adders
  9 river rats (Sewer)
  2 shadow imps
  A white imp (D:4)
  An ufetubus (D:7)
  2 worms
  A dart slug (D:2)
  12 orcs
  9 bats
  7 endoplasms
  5 giant cockroaches
  7 goblins
  7 hobgoblins
  13 jackals
  6 quokkas
  8 ball pythons
  5 frilled lizards
  28 kobolds
  22 rats
194 creatures vanquished.

Notes
Turn   | Place    | Note
-------+----------+-------------------------------------------
     0 | D:1      | Newt the Kobold Hunter began the quest for the Orb.
     0 | D:1      | Reached XP level 1. HP: 12/12 MP: 1/1
    99 | D:1      | Reached XP level 2. HP: 18/18 MP: 2/2
   608 | D:1      | Found Utaroxt's Antique Armour Boutique.
   641 | D:1      | Reached XP level 3. HP: 23/23 MP: 3/3
  1201 | D:2      | Found a faded altar of an unknown god.
  1214 | D:2      | Prayed at the altar of an unknown god.
  1214 | D:2      | Became a worshipper of Qazlal Stormbringer
  1214 | D:2      | Reached * piety under Qazlal
  1558 | D:3      | Reached XP level 4. HP: 30/30 MP: 4/4
  1604 | D:3      | Reached skill level 5 in Fighting
  1770 | D:3      | Reached XP level 5. HP: 25/35 MP: 5/5
  2012 | D:3      | Reached ** piety under Qazlal
  2013 | D:3      | Reached skill level 6 in Ranged Weapons
  2063 | D:3      | Found Xauwokk's Antique Armour Shoppe.
  2068 | D:3      | Identified the +1 cloak of Rudua {Fly Regen+ Str+2}
  2585 | D:4      | Reached skill level 7 in Ranged Weapons
  2680 | D:4      | Noticed a phantom
  2687 | D:4      | Killed a phantom
  2688 | D:4      | Reached XP level 6. HP: 40/40 MP: 6/6
  2691 | D:4      | Noticed a black bear
  2695 | D:4      | Killed a black bear
  2696 | D:4      | Reached skill level 8 in Ranged Weapons
  2841 | D:4      | Reached XP level 7. HP: 44/44 MP: 7/7
  2931 | D:4      | Found a sacrificial altar of Ru.
  3033 | D:4      | Found a burning altar of Makhleb.
  3041 | D:4      | Noticed Edmund
  3088 | D:4      | Killed Edmund
  3089 | D:4      | Reached skill level 9 in Ranged Weapons
  3359 | D:4      | Found a bloodstained altar of Trog.
  3447 | D:4      | Found a snail-covered altar of Cheibriados.
  3639 | D:5      | Entered Level 5 of the Dungeon
  3691 | D:5      | Reached skill level 10 in Ranged Weapons
  3718 | D:5      | Found a sparkling altar of Nemelex Xobeh.
  3975 | D:5      | Noticed Eustachio
  3990 | D:5      | Killed Eustachio
  3991 | D:5      | Reached XP level 8. HP: 45/49 MP: 8/8
  4018 | D:5      | Found Adweegrod's Antique Armour Emporium.
  4106 | D:5      | Found a staircase to the Ecumenical Temple.
  4245 | D:5      | Reached skill level 5 in Dodging
  4248 | D:5      | Reached *** piety under Qazlal
  4460 | D:6      | Found a stormy altar of Qazlal.
  4504 | D:6      | Found a blossoming altar of Fedhas.
  4705 | D:6      | Found a glowing golden altar of the Shining One.
  4720 | D:6      | Found an opulent altar of Gozag.
  4768 | D:6      | Found a glowing drain.
  4774 | Sewer    | Entered a sewer
  5027 | Sewer    | Reached **** piety under Qazlal
  5470 | D:6      | Reached XP level 9. HP: 54/54 MP: 9/9
  5522 | D:6      | Reached skill level 1 in Invocations
  5539 | D:6      | Noticed a troll
  5548 | D:6      | Killed a troll
  5584 | D:6      | Found the +18 Lear's hauberk
  5702 | D:6      | Found a shimmering blue altar of Sif Muna.
  5906 | D:7      | Reached skill level 5 in Invocations
  6132 | D:7      | You are sucked into a shaft and drop 1 floor!
  6163 | D:8      | Reached ***** piety under Qazlal
  6191 | D:8      | Gained mutation: Your flesh is heat resistant. (rF+)
                  | [potion of mutation]
  6191 | D:8      | Gained mutation: You are strong-willed. (Will+) [potion of
                  | mutation]
  6431 | D:8      | Found a staircase to the Lair.
  6463 | D:8      | Reached skill level 1 in Evocations
  6483 | D:8      | Reached XP level 10. HP: 27/59 MP: 16/16
  6516 | D:8      | Noticed Gastronok
  6530 | D:8      | Slain by Gastronok

Illustrated notes

Levels and vault maps discovered:
D:1:      nzn_arrival_depleted_hourglass, layout_basic, serial_shops,
          nicolae_shop_crystal, grunt_decor_fettered, kennysheep_another_room
D:2:      layout_basic, hellmonk_ecumenical_altar_pennies_from_heaven,
          dk_noncrumbling_4, minmay_misc_feat_encased
D:3:      layout_loops_ring, serial_shops, nicolae_shop_behind_doors,
          corexii_corridor_pit, minmay_close_crescents
D:4:      layout_basic, slow_altar_2, makhleb_altar_promises_db,
          nicolae_ru_sacrificial_ziggurat, trog_book, hangedman_decor_slide_cut,
          uniq_edmund
D:5:      layout_loops_ring, nemelex_spade_bored_becter,
          minmay_temple_entry_large_hall, serial_shops, shop, uniq_eustachio
D:6:      layout_rooms, tgw_sif, fedhas_altar_1,
          mainiacjoe_overflow_catwalk_spiral, lemuel_doored_altar,
          cheibrodos_sewer_entry_bend, hellmonk_guarded_unrand_lears
D:7:      layout_basic, okawaru_ov_weapons_minmay, amcnicky_altar_gilded
D:8:      layout_cave_pods, lair_entry_dummy, lightli_minifort, uniq_gastronok

Skill      XL: |  1  2  3  4  5  6  7  8  9 |
---------------+----------------------------+-----
Fighting       | 3 4 5 |  5.0
Ranged Weapons | 7 8 10 | 10.0
Dodging        | 4 8 9 |  9.0
Invocations    | 8 |  8.0
Evocations     | 2 |  2.5
Stealth        | |  1.3

Action                     |  1- 3 |  4- 6 |  7- 9 | 10-12 || total
---------------------------+-------+-------+-------+-------++-------
   Fire: Shortbow          |    71 |   139 |   474 |    13 ||   697
  Evoke: Wand              |       |       |       |     1 ||     1
    Use: Scroll            |    10 |     1 |     7 |       ||    18
         Potion            |     2 |       |     4 |       ||     6
 Armour: Leather armour    |     9 |    26 |    54 |     1 ||    90
         Chain mail        |       |       |    24 |       ||    24
  Dodge: Dodged            |    25 |    63 |   221 |       ||   309
         Repelled          |       |       |     1 |       ||     1
  Block: Other             |       |    10 |    66 |       ||    76

Table legend: (Time is in decaauts)
 A = Elapsed time spent in this place.
 B = Non-inter-level travel time spent in this place.
 C = Inter-level travel time spent in this place.
 D = Time resting spent in this place.
 E = Time spent auto-exploring this place.
 F = Levels seen in this place.
 G = Mean time per level.
                   A        B        C        D        E       F      G
               +--------+--------+--------+--------+--------+-----+--------+
         Total |   6621 |   6393 |    228 |    145 |   4894 |   9 |  735.7 |
       Dungeon |   6057 |   5829 |    228 |    145 |   4522 |   8 |  757.1 |
         Sewer |    564 |    564 |      0 |      0 |    372 |   1 |  564.0 |
               +--------+--------+--------+--------+--------+-----+--------+

Top non-repeatable levels by time:
     D:4: 1161 daAuts
     D:3: 975 daAuts
     D:1: 952 daAuts
     D:6: 842 daAuts
     D:5: 769 daAuts
     D:2: 607 daAuts
   Sewer: 564 daAuts
     D:8: 401 daAuts
     D:7: 346 daAuts
